 Dungeon Crawl Stone Soup version 0.25-a0-516-g7d600cd9ad (webtiles) character file.

Game seed: 2770248378390963849, levelgen mode: deterministic

44 Forecaster the Magician (level 3, -1/28 HPs)
             Began as a Naga Wizard on Feb 17, 2020.
             Slain by a sky beast (4 damage)
             ... on level 2 of the Dungeon.
             The game lasted 00:06:35 (1016 turns).

Forecaster the Magician (Naga Wizard)               Turns: 1016, Time: 00:06:36

Health: -1/28      AC:  2    Str: 10    XL:     3   Next: 62%
Magic:  3/8        EV: 10    Int: 18    God:
Gold:   10         SH:  0    Dex:  9    Spells: 8/9 levels left

rFire    . . .     SeeInvis +   e - +0 spear
rCold    . . .     Gourm    .   (no shield)
rNeg     . . .     Faith    .   c - +0 robe
rPois    +         Spirit   .   b - +0 hat
rElec    .         Reflect  .   (no cloak)
rCorr    .         Harm     .   (no gloves)
MR       .....                  (no barding)
Stlth    ++........             (no amulet)
HPRegen  0.09/turn              (no ring)
MPRegen  0.11/turn              (no ring)

@: hasted, quick
A: large, see invisible, deformed body, poison resistance, slowness 2, slow
metabolism 1, spit poison 1, AC +1
a: Spit Poison


You were on level 2 of the Dungeon.
You were not hungry.

You visited 1 branch of the dungeon, and saw 2 of its levels.

You collected 10 gold pieces.

Inventory:

Hand Weapons
 e - a +0 spear (weapon)
 j - a +0 short sword
 o - a +0 short sword
 q - a +0 hunting sling
Missiles
 g - 22 stones (quivered)
 m - 39 arrows
 n - 19 bolts
Armour
 a - a +0 robe
 b - a +0 hat (worn)
 c - a +0 robe (worn)
Scrolls
 f - a scroll of noise {unknown}
 h - a scroll of fear {unknown}
 i - 2 scrolls of identify {unknown}
 l - a scroll of remove curse {unknown}
 r - a scroll of random uselessness {unknown}
Potions
 p - a potion of magic {unknown}
Comestibles
 d - 3 rations


   Skills:
 + Level 0.1 Fighting
 + Level 0.3 Polearms
 + Level 1.7 Dodging
 + Level 3.3 Stealth
 + Level 3.7 Spellcasting
 + Level 1.5 Conjurations
   Level 1.0 Summonings
   Level 1.0 Translocations


You had 8 spell levels left.
You knew the following spells:

 Your Spells              Type           Power        Failure   Level  Hunger
a - Magic Dart            Conj           #...         8%          1    None

Your spell library contained the following spells:

 Spells                   Type           Power        Failure   Level  Hunger
 Blink                    Tloc           N/A          16%         2    ##.....
 Call Imp                 Summ           #.......     16%         2    ##.....
 Slow                     Hex            #.......     22%         2    ##.....
 Conjure Flame            Conj/Fire      #.......     32%         3    ###....
 Mephitic Cloud           Conj/Pois/Air  #.......     36%         3    ###....


Dungeon Overview and Level Annotations

Branches:
Dungeon (2/15)

Altars:


Innate Abilities, Weirdness & Mutations

You cannot wear boots.
Your serpentine skin is tough. (AC +1)
You have supernaturally acute eyesight. (SInv)
Armour fits poorly on your strangely shaped body.
Your system is resistant to poisons. (rPois)
You cover ground very slowly.
You have a slow metabolism.
You can spit poison.


Message History

You hit the sky beast but do no damage. The sky beast misses you.
You miss the sky beast. The sky beast completely misses you.
You hit the sky beast.
The sky beast is lightly wounded.
The sky beast hits you. The sky beast shocks you. The sky beast hits you.
The sky beast shocks you.
* * * LOW HITPOINT WARNING * * *
You hit the sky beast.
The sky beast is lightly wounded.
The sky beast hits you but does no damage.
Casting: Magic Dart (safe; 8% risk of failure)
Confirm with . or Enter, or press ? or * to list all spells.
Aiming: Magic Dart (safe; 8% risk of failure)
Press: ? - help, Shift-Dir - straight line, f - sky beast
Aim: a sky beast (rain, lightly wounded)
The magic dart hits the sky beast.
The sky beast is moderately wounded.
The sky beast closely misses you.
It was a potion of haste.
You feel yourself speed up. The sky beast hits you.
You die...

.. .. ..
#. #Y #.
#
#.#.###.#
#..Y@..#
#...###.#
.>...## #
##.. #. #


You could see a sky beast.

Vanquished Creatures
  An adder (D:2)
  An ooze (D:1)
  A dart slug (D:1)
  A leopard gecko (D:1)
  A ball python (D:1)
  A bat (D:1)
  A giant cockroach (D:1)
  3 hobgoblins (D:1)
  5 jackals (D:1)
  A quokka (D:2)
  3 frilled lizards (D:1)
  4 kobolds (D:1)
  6 rats
29 creatures vanquished.

Notes
Turn   | Place    | Note
-------+----------+-------------------------------------------
     0 | D:1      | Forecaster the Naga Wizard began the quest for the Orb.
     0 | D:1      | Reached XP level 1. HP: 15/15 MP: 4/4
    29 | D:1      | Reached XP level 2. HP: 14/22 MP: 0/6
   548 | D:1      | Reached XP level 3. HP: 16/28 MP: 2/8
   989 | D:2      | Noticed a sky beast
  1016 | D:2      | Slain by a sky beast

Levels and vault maps discovered:
D:1:      wander_arrival_lonely_grave, layout_basic, chequers_arboretum,
          supply_closet_lemuel
D:2:      layout_loops_ring, lemuel_coloured_pillars_altar, first_ration

Action                   || total
-------------------------++-------
Melee: Spear             ||    53
 Cast: Magic Dart        ||    65
 Abil: Spit Poison       ||     1
  Use: Potion            ||     1
Armor: Robe              ||     9
Dodge: Dodged            ||    37

Table legend:
 A = Non-vault XP
 B = Vault XP
 C = Vault XP percentage of total XP
 D = Non-vault monster count
 E = Vault monster count
 F = Vault count percentage of total count
                 A         B        C        D         E       F
            +---------+---------+-------+---------+---------+-------
      Total |      64 |       0 |   0.0 |      29 |       0 |   0.0
            +---------+---------+-------+---------+---------+-------
        D:1 |      48 |       0 |   0.0 |      26 |       0 |   0.0
        D:2 |      16 |       0 |   0.0 |       3 |       0 |   0.0
            +---------+---------+-------+---------+---------+-------
